 Dungeon Crawl Stone Soup version 0.28-a0-724-g66f9036eb4 (webtiles) character file.

Game seed: 123997916693492116

49 jasper the Charlatan (level 3, -3/27 HPs)
             Began as a Demonspawn Artificer on Oct 26, 2021.
             Slain by a water moccasin skeleton (7 damage)
             ... on level 4 of the Dungeon.
             The game lasted 00:02:02 (1362 turns).

jasper the Charlatan (Demonspawn Artificer)         Turns: 1362, Time: 00:02:03

Health: -3/27      AC:  3    Str: 13    XL:     3   Next: 53%
Magic:  3/3        EV: 11    Int: 12    God:
Gold:   43         SH:  0    Dex: 13    Spells: 2/2 levels left

rFire   . . .      SeeInvis .     - Unarmed
rCold   . . .      Faith    .   (no shield)
rNeg    . . .      Spirit   .   b - +0 leather armour
rPois   .          Reflect  .   (no helmet)
rElec   .          Harm     .   (no cloak)
rCorr   .          Rampage  .   (no gloves)
Will    .....                   (no boots)
Stlth   +.........              (no amulet)
HPRegen 0.09/turn               (no ring)
MPRegen 0.08/turn               (no ring)

@: very slightly contaminated, invisible
A: claws 1, demonic magic 1
a: no special abilities


You were on level 4 of the Dungeon.
You visited 1 branch of the dungeon, and saw 3 of its levels.

You collected 43 gold pieces.

Inventory:

Hand Weapons
 a - a +0 club
 m - a +0 hunting sling
Missiles
 n - 16 stones (quivered)
Armour
 b - a +0 leather armour (worn)
Jewellery
 l - a +6 ring of dexterity
Wands
 d - a wand of charming (14)
Scrolls
 c - a scroll of magic mapping {unknown}
 f - a scroll of noise {unknown}
 g - a scroll of immolation {unknown}
 k - a scroll of teleportation {unknown}
Potions
 i - a potion of lignification {unknown}
 j - a potion of haste {unknown}
Miscellaneous
 e - a piece from Xom's chessboard (15/15)


   Skills:
 + Level 1.9 Fighting
 - Level 2.1 Armour
 + Level 1.2 Dodging
 - Level 0.8 Stealth
 * Level 2.0 Unarmed Combat
 - Level 3.0 Evocations


You had 2 spell levels left.
You didn't know any spells.
Your spell library contained the following spells:

 Spells                   Type           Power      Damage    Failure   Level
 Slow                     Hex            0%         N/A       54%         2
 Confusing Touch          Hex            0%         N/A       77%         3
 Vampiric Draining        Necr           0%         2d6       77%         3


Dungeon Overview and Level Annotations

Branches:
Dungeon (2/15)

Altars:


Innate Abilities, Weirdness & Mutations

You have sharp fingernails.
Spells you cast may paralyse adjacent enemies.


Message History

The water moccasin skeleton is lightly damaged.
You feel sick.
The water moccasin skeleton closely misses you.
You take 1 damage, and have 14/27 hp.
You claw the water moccasin skeleton!
The water moccasin skeleton is moderately damaged.
You feel sick.
The water moccasin skeleton bites you but does no damage.
You catch the helpless water moccasin skeleton completely off-guard!
You scratch the water moccasin skeleton.
The water moccasin skeleton is moderately damaged.
You feel sick.
You are no longer poisoned.
The water moccasin skeleton barely misses you.
You take 1 damage, and have 13/27 hp.
You claw the water moccasin skeleton!
The water moccasin skeleton is heavily damaged.
The water moccasin skeleton misses you.
You barely miss the water moccasin skeleton.
The water moccasin skeleton is heavily damaged.
The water moccasin skeleton bites you.
You take 4 damage, and have 9/27 hp.
You scratch the water moccasin skeleton.
The water moccasin skeleton is severely damaged.
The water moccasin skeleton barely misses you.
The water moccasin skeleton bites you.
* * * LOW HITPOINT WARNING * * *
You take 3 damage, and have 6/27 hp.
You closely miss the water moccasin skeleton.
The water moccasin skeleton is severely damaged.
The water moccasin skeleton barely misses you.
You scratch the water moccasin skeleton.
The water moccasin skeleton is severely damaged.
The water moccasin skeleton bites you.
* * * LOW HITPOINT WARNING * * *
You take 2 damage, and have 4/27 hp.
You scratch the water moccasin skeleton.
The water moccasin skeleton is almost destroyed.
The water moccasin skeleton bites you!
You die...

.##. .... ..>..
.... ########
...#
#......###...###
#.......#.......
#.....@Z†.......
#.......#.......
#.......#.......
#.......#...>...
################


You could see a water moccasin skeleton.

Vanquished Creatures
  2 adders
  A dart slug (D:1)
  5 bats
  4 endoplasms
  A giant cockroach (D:1)
  4 goblins
  2 quokkas (D:1)
  4 ball pythons (D:1)
  A frilled lizard (D:2)
  A kobold (D:2)
  2 rats (D:1)
27 creatures vanquished.

Notes
Turn   | Place    | Note
-------+----------+-------------------------------------------
     0 | D:1      | jasper the Demonspawn Artificer began the quest for the
                  | Orb.
     0 | D:1      | Reached XP level 1. HP: 15/15 MP: 1/1
   241 | D:1      | Reached skill level 1 in Unarmed Combat
   241 | D:1      | Discovered your monstrous ancestry.
   241 | D:1      | Gained mutation: You have sharp fingernails. [demonic
                  | ancestry]
   241 | D:1      | Reached XP level 2. HP: 21/21 MP: 2/2
  1133 | D:2      | Reached skill level 1 in Dodging
  1218 | D:2      | Gained mutation: Spells you cast may paralyse adjacent
                  | enemies. [demonic ancestry]
  1218 | D:2      | Reached XP level 3. HP: 25/27 MP: 3/3
  1334 | D:2      | You fall into a shaft and drop 2 floors!
  1362 | D:4      | Slain by a water moccasin skeleton

Illustrated notes

Levels and vault maps discovered:
D:1:      minmay_arrival_plants_in_alcoves, layout_loops_corners,
          dreamdust_ecumenical_altar_statues, hangedman_decor_lopped,
          st_stairs_13, kennysheep_minor_cross, minmay_octomino_c4
D:2:      layout_basic
D:4:      layout_gridville, nicolae_ru_path_of_blood, minmay_temple_entry_ruins

Skill      XL: |  1  2  3 |
---------------+----------+-----
Armour         | 2 |  2.1
Unarmed Combat | 1 2 |  2.0
Dodging        | 1 |  1.2
Fighting       | |  1.9
Stealth        | |  0.8
Evocations     | |  3.0

Action                   || total
-------------------------++-------
Melee: Club              ||    29
       Unarmed           ||    30
       Punch             ||     1
 Fire: Hunting sling     ||    16
Evoke: Wand              ||    16
  Use: Potion            ||     1
 Stab: Sleeping          ||     1
       Invisible         ||     1
Armor: Leather armour    ||    15
Dodge: Dodged            ||    38

Table legend: (Time is in decaauts)
 A = Elapsed time spent in this place.
 B = Non-inter-level travel time spent in this place.
 C = Inter-level travel time spent in this place.
 D = Time resting spent in this place.
 E = Time spent auto-exploring this place.
 F = Levels seen in this place.
 G = Mean time per level.
                   A        B        C        D        E       F      G
               +--------+--------+--------+--------+--------+-----+--------+
         Total |   1370 |   1337 |     33 |    606 |    540 |   3 |  456.7 |
       Dungeon |   1370 |   1337 |     33 |    606 |    540 |   3 |  456.7 |
               +--------+--------+--------+--------+--------+-----+--------+

Top non-repeatable levels by time:
     D:1: 1127 daAuts
     D:2: 215 daAuts
     D:4: 27 daAuts
